 Dungeon Crawl Stone Soup version 0.28-a0-687-gb91baff9cc (webtiles) character file.

Game seed: 10360790743633862056

11 shoop the Ruffian (level 2, 27/27 HPs)
             Began as an Ogre Transmuter on Oct 19, 2021.
             Quit the game on level 1 of the Dungeon.
             The game lasted 00:01:23 (677 turns).

shoop the Ruffian (Ogre Transmuter)                  Turns: 677, Time: 00:01:24

Health: 27/27      AC:  3    Str: 13    XL:     2   Next: 29%
Magic:  5/5        EV:  9    Int: 14    God:
Gold:   46         SH:  0    Dex:  9    Spells: 5/6 levels left

rFire   . . .      SeeInvis .     - Unarmed
rCold   . . .      Faith    .   (no shield)
rNeg    . . .      Spirit   .   a - +0 robe
rPois   .          Reflect  .   (helmet restricted)
rElec   .          Harm     .   (no cloak)
rCorr   .          Rampage  .   (gloves unavailable)
Will    .....                   (boots unavailable)
Stlth   +.........              (no amulet)
HPRegen 0.09/turn               (no ring)
MPRegen 0.09/turn               (no ring)

@: no status effects
A: large, unfitting armour, tough skin 1
a: no special abilities


You were on level 1 of the Dungeon.
You visited 1 branch of the dungeon, and saw 1 of its levels.

You collected 46 gold pieces.

Inventory:

Armour
 a - a +0 robe (worn)
Potions
 b - a potion of might {unknown}
 c - a potion of curing {unknown}


   Skills:
 + Level 1.3 Fighting
 + Level 1.8 Dodging
 + Level 3.0 Unarmed Combat
 + Level 2.6 Spellcasting
 + Level 2.1 Transmutations


You had 5 spell levels left.
You knew the following spells:

 Your Spells              Type           Power      Damage    Failure   Level
a - Beastly Appendage     Tmut           14%        N/A       10%         1

Your spell library contained the following spells:

 Spells                   Type           Power      Damage    Failure   Level
 Wereblood                Tmut           7%         N/A       14%         2
 Spider Form              Tmut/Pois      2%         N/A       41%         3
 Ice Form                 Ice/Tmut       4%         N/A       82%         4


Dungeon Overview and Level Annotations

Branches:
Dungeon (1/15)

Altars:


Innate Abilities, Weirdness & Mutations

You are too large for most types of armour.
You have tough skin. (AC +1)


Message History

The jackal bites you but does no damage.
The jackal closely misses you.
You hit the jackal but do no damage. The jackal bites you.
You barely miss the jackal. Your kick misses the jackal. The jackal bites you.
You barely miss the jackal. You claw the jackal.
Your headbutt misses the jackal.
The jackal is almost dead.
The jackal barely misses you. The jackal bites you.
* * * LOW HITPOINT WARNING * * *
You closely miss the jackal. You headbutt the jackal.
You kill the jackal!
Things that are here:
a jackal corpse; a dart slug corpse Your horns disappear.
Your talons disappear.
Found a ring mail.
You see here a +0 ring mail.
c - a yellow potion A rat comes into view.
Casting: Beastly Appendage (safe; 10% risk of failure)
Confirm with . or Enter, or press ? or * to list all spells.
You grow a pair of large bovine horns.
Your feet morph into talons.
A kobold comes into view. It is wielding a +0 short sword.
The kobold shouts!
The rat bites you but does no damage.
You hit the rat.
You kill the rat!
Your transformation is almost over.
The kobold hits you with a +0 short sword.
You hit the kobold.
You kill the kobold!
Your Unarmed Combat skill increases to level 3!
No target in view!
No target in view!
No target in view!
Your horns disappear.
Your talons disappear.
You see here a +0 short sword.
Found a stone staircase leading down.
Unknown command.
Unknown command.
Are you sure you want to abandon this character and quit the game? (Confirm with "yes".)

#.## #.#####.#.#
...# .# #.[.....#.#
#####...##
#########.#
รท)........ #.#
#######... # #.# ..
#### ####.# #.# ..
..> #... #.# ##
##.###.########.# #
#..@)...........# #
#...........#######
#### ##.........##
...#### #.........#
....).####
##........#
##.......##
#..#######
.####.....## ##.
....###....## #.
#.....##....#


There were no monsters in sight!

Vanquished Creatures
  A dart slug (D:1)
  A goblin (D:1)
  2 jackals (D:1)
  A quokka (D:1)
  A ball python (D:1)
  A kobold (D:1)
  3 rats (D:1)
10 creatures vanquished.

Notes
Turn   | Place    | Note
-------+----------+-------------------------------------------
     0 | D:1      | shoop the Ogre Transmuter began the quest for the Orb.
     0 | D:1      | Reached XP level 1. HP: 19/19 MP: 3/3
   336 | D:1      | Reached XP level 2. HP: 11/27 MP: 3/5
   659 | D:1      | Reached skill level 3 in Unarmed Combat
   677 | D:1      | Quit the game

Illustrated notes

Levels and vault maps discovered:
D:1:      dpeg_arrival_circle_labyrinth_c, layout_basic,
          dilly_ecumenical_altar_fadedgnrine

Skill      XL: |  1  2 |
---------------+-------+-----
Transmutations | 2 |  2.1
Unarmed Combat | 3 |  3.0
Fighting       | |  1.3
Dodging        | |  1.8
Spellcasting   | |  2.6

Action                   || total
-------------------------++-------
Melee: Unarmed           ||    25
       Kick              ||     6
       Headbutt          ||     2
       Punch             ||     1
 Cast: Beastly Appendage ||     6
Armor: Robe              ||     7
Dodge: Dodged            ||    12

Table legend: (Time is in decaauts)
 A = Elapsed time spent in this place.
 B = Non-inter-level travel time spent in this place.
 C = Inter-level travel time spent in this place.
 D = Time resting spent in this place.
 E = Time spent auto-exploring this place.
 F = Levels seen in this place.
 G = Mean time per level.
                   A        B        C        D        E       F      G
               +--------+--------+--------+--------+--------+-----+--------+
         Total |    675 |    675 |      0 |      0 |    609 |   1 |  675.0 |
       Dungeon |    675 |    675 |      0 |      0 |    609 |   1 |  675.0 |
               +--------+--------+--------+--------+--------+-----+--------+

Top non-repeatable levels by time:
     D:1: 675 daAuts
